 Dungeon Crawl Stone Soup version 0.23.2-1-ga50397a (webtiles) character file.

Game seed: 5953503942525486984

177 HASTUR3 the Skirmisher (level 5, -3/46 HPs)
             Began as a Demonspawn Monk on June 1, 2019.
             Slain by an ice beast (10 damage)
             ... on level 4 of the Dungeon.
             The game lasted 00:11:56 (3461 turns).

HASTUR3 the Skirmisher (Demonspawn Monk)            Turns: 3461, Time: 00:11:58

Health: -3/46      AC:  3    Str: 11    XL:     5   Next: 30%
Magic:  0/14       EV: 14    Int: 11    God:
Gold:   163        SH:  0    Dex: 17    Spells: 4/4 levels left

rFire    . . .     SeeInvis .     - Unarmed
rCold    . . .     Gourm    +   (no shield)
rNeg     . . .     Faith    .   a - +0 robe
rPois    .         Spirit   +   (helmet restricted)
rElec    .         Reflect  .   f - +0 cloak
rCorr    .         Harm     .   (no gloves)
MR       .....                  (no boots)
Stlth    ++........             e - amulet of the gourmand
HPRegen  0.15/turn              i - ring of magical power
MPRegen  0.14/turn              (no ring)

@: no status effects
A: antennae 1, talons 2, robust 1, magic shield
a: no special abilities


You were on level 4 of the Dungeon.
You were completely stuffed.

You visited 1 branch of the dungeon, and saw 4 of its levels.

You collected 163 gold pieces.

Inventory:

Armour
 a - a +0 robe (worn)
 f - a +0 cloak (worn)
Jewellery
 e - an amulet of the gourmand (around neck)
 i - a ring of magical power (left hand)
Scrolls
 c - 2 scrolls of enchant weapon
 d - a scroll of blinking {unknown}
 h - a scroll of magic mapping {unknown}
 n - 2 scrolls of identify
Potions
 g - a potion of agility {unknown}
Comestibles
 b - 8 rations
 q - 5 chunks of flesh


   Skills:
 + Level 4.2 Fighting
 + Level 3.8 Dodging
 - Level 1.7 Stealth
 + Level 3.8 Unarmed Combat


You had 4 spell levels left.
You didn't know any spells.
Your spell library was empty.

Dungeon Overview and Level Annotations

Branches:
Dungeon (4/15)
 Temple: D:4-7

Altars:


Innate Abilities, Weirdness & Mutations

You have razor-sharp toenails.
When hurt, damage is shared between your health and your magic reserves.
You have a pair of small antennae on your head.
You are robust. (+10% HP)


Message History

You hit the ice beast. You claw the ice beast.
The ice beast is severely wounded.
The ice beast hits you. The ice beast freezes you!
You hit the ice beast. Your kick misses the ice beast.
The ice beast is almost dead.
The ice beast closely misses you.
You hit the ice beast but do no damage.
The ice beast is almost dead.
The ice beast hits you. The ice beast freezes you!
* * * LOW HITPOINT WARNING * * *
You hit the ice beast.
The ice beast is almost dead.
The ice beast barely misses you.
You hit the ice beast but do no damage.
You claw the ice beast, but do no damage.
The ice beast is almost dead.
The ice beast hits you.
* * * LOW HITPOINT WARNING * * *
The ice beast freezes you!
You die...

#. #.$ ##...
##... ########...
.......#..##
.........Y.#
.........@.###
.............####
.......!.<.......
...........###...
...........# ..
...........# .
..........##
..........#
..........#


You could see an ice beast.

Vanquished Creatures
  An orc wizard (D:3)
  2 adders (D:3)
  2 oozes
  5 worms
  5 dart slugs
  5 leopard geckos
  4 orcs (D:3)
  2 ball pythons
  10 bats
  4 giant cockroaches
  7 goblins
  11 hobgoblins
  4 jackals (D:1)
  3 quokkas
  3 frilled lizards
  10 kobolds
  9 rats
87 creatures vanquished.

Notes
Turn   | Place    | Note
-------+----------+-------------------------------------------
     0 | D:1      | HASTUR3 the Demonspawn Monk began the quest for the Orb.
     0 | D:1      | Reached XP level 1. HP: 18/18 MP: 1/1
   133 | D:1      | Gained mutation: You have sharp toenails. [demonic
                  | ancestry]
   133 | D:1      | Reached XP level 2. HP: 19/24 MP: 2/2
   656 | D:1      | Gained mutation: You have razor-sharp toenails. [demonic
                  | ancestry]
   656 | D:1      | Reached XP level 3. HP: 27/29 MP: 3/3
  1792 | D:2      | Reached XP level 4. HP: 26/37 MP: 4/4
  2648 | D:3      | Reached skill level 4 in Fighting
  2919 | D:3      | Gained mutation: When hurt, damage is shared between your
                  | health and your magic reserves. [demonic ancestry]
  2919 | D:3      | Reached XP level 5. HP: 29/42 MP: 5/5
  3087 | D:3      | Gained mutation: You do not regenerate when monsters are
                  | visible. [potion of mutation]
  3087 | D:3      | Gained mutation: You are robust. (+10% HP) [potion of
                  | mutation]
  3087 | D:3      | Gained mutation: You have a pair of small antennae on your
                  | head. [potion of mutation]
  3087 | D:3      | Lost mutation: You do not regenerate when monsters are
                  | visible. [potion of mutation]
  3446 | D:4      | Noticed an ice beast
  3461 | D:4      | Slain by an ice beast

Skill      XL: |  1  2  3  4 |
---------------+-------------+-----
Dodging        | 3 |  3.8
Unarmed Combat | 3 |  3.8
Fighting       | 4 |  4.2
Stealth        | |  1.7

Action                   |  1- 3 |  4- 6 || total
-------------------------+-------+-------++-------
Melee: Unarmed           |   155 |   184 ||   339
       Kick              |    39 |    45 ||    84
       Punch             |       |     4 ||     4
  Use: Potion            |       |     6 ||     6
       Scroll            |       |     4 ||     4
 Stab: Sleeping          |     4 |     6 ||    10
  Eat: Chunk             |    17 |     6 ||    23
Armor: Robe              |    28 |    14 ||    42
Dodge: Dodged            |    74 |    82 ||   156
